 Dungeon Crawl Stone Soup version 0.14-a0-3509-g488b3d4 (webtiles) character file.

234 Persuasio the Shield-Bearer (level 5, 0/41 HPs)
             Began as a Human Fighter on Mar 26, 2014.
             Succumbed to an orc's poison
             ... on Level 3 of the Dungeon.
             The game lasted 00:16:32 (2159 turns).

Persuasio the Shield-Bearer (Human Fighter)         Turns: 2159, Time: 00:16:33

HP   0/41        AC 10     Str 20      XL: 5   Next: 41%
MP   4/4         EV  6     Int 13      God:
Gold 99          SH 20     Dex 15      Spells:  0 memorised,  4 levels left

rFire  . . .     SeeInvis .     a - +1,+0 long sword
rCold  . . .     Rnd*Rage +     b - +0 scale mail
rNeg   . . .     Conserve .     c - +1 shield
rPois  .         rCorr    .     h - +2 helmet
rElec  .         rRot     .     (no cloak)
SustAb + .       Spirit   .     (no gloves)
rMut   .         Warding  .     (no boots)
Gourm  +         Stasis   .     n - amulet of the gourmand
MR     .....                    i - ring of sustain abilities
                                k - +3 ring of dexterity

@: brilliant, lethally poisoned, slowed, very slow, not resistant to hostile
enchantments, extremely unstealthy
A: berserk 1, low mp 1, strong 1
a: no special abilities


You were on level 3 of the Dungeon.
You were not hungry.

You visited 1 branch of the dungeon, and saw 3 of its levels.

You collected 99 gold pieces.

Inventory:

Hand weapons
 a - a +1,+0 long sword (weapon)
 w - a +0,+0 falchion
Missiles
 g - 41 stones (quivered)
 j - 14 darts
Armour
 b - a +0 scale mail (worn)
 c - a +1 shield (worn)
 h - a +2 helmet (worn)
Comestibles
 d - 3 bread rations
 f - 2 chokos
 s - an apple
 v - a pear
Scrolls
 p - a scroll of enchant weapon II {unknown}
 q - a scroll of teleportation
Jewellery
 i - a ring of sustain abilities (right hand)
 k - a +3 ring of dexterity (left hand)
 l - an uncursed ring of protection from fire {unknown}
 m - an uncursed amulet of resist mutation
 n - an amulet of the gourmand (around neck)
Potions
 e - a potion of might
 u - a potion of invisibility {unknown}


   Skills:
 + Level 3.5 Fighting
 + Level 3.1 Long Blades
 + Level 3.5 Armour
 + Level 2.0 Dodging
 + Level 3.6 Shields


You had 4 spell levels left.
You didn't know any spells.

Dungeon Overview and Level Annotations

Branches:
Dungeon (3/15)

Altars:

Annotations:
D:2 Sigmund


Innate Abilities, Weirdness & Mutations

You tend to lose your temper in combat.
Your magical capacity is low (-10% MP).
Your muscles are strong. (Str +2)


Message History

You feel sick. You block the adder's attack.
The orc hits you with a dagger of venom.
* * * LOW HITPOINT WARNING * * *
You are lethally poisoned!
Your surroundings suddenly seem different.
* * * LOW HITPOINT WARNING * * *
You feel sick.
An orc comes into view. It is wielding a trident.
The orc shouts!
A bat and a hobgoblin come into view.
Drink which item? (? for menu, Esc to quit)
You feel clever all of a sudden.
It was a potion of brilliance.
* * * LOW HITPOINT WARNING * * *
You feel sick.
The orc hits you from afar with a trident.
* * * LOW HITPOINT WARNING * * *
* * * LOW HITPOINT WARNING * * *
You feel sick. The bat hits you but does no damage.
You die...

.... ........... #.
...................... #S
.......................# #.
.......................# #####.
....................... !......
.............o....# #.....
#...........gb...# #.....
#................# #.....
####............@...### ####.o...
................................(
.....................##########(.
##...................##########..
##.........................Soo(..
...........................o.....
.................<......s..o.....
.................................
.................................


You could see an orc, a hobgoblin and a bat.

Vanquished Creatures
  Ijyb (D:3)
  6 adders
  A giant mite (D:2)
  2 worms
  A giant cockroach (D:1)
  2 goblins
  9 hobgoblins
  8 kobolds
  A quokka (D:2)
  A ball python (D:2)
  2 bats
  A giant gecko (D:2)
  6 giant newts
  5 rats
46 creatures vanquished.

Notes
Turn   | Place    | Note
--------------------------------------------------------------
     0 | D:1      | Persuasio, the Human Fighter, began the quest for the Orb.
     0 | D:1      | Reached XP level 1. HP: 18/18 MP: 1/1
   177 | D:1      | Reached XP level 2. HP: 22/24 MP: 2/2
   497 | D:2      | Reached XP level 3. HP: 29/29 MP: 3/3
   551 | D:2      | Reached XP level 4. HP: 14/35 MP: 4/4
   603 | D:2      | Noticed Sigmund
   987 | D:3      | Reached skill level 1 in Dodging
  1234 | D:2      | Reached XP level 5. HP: 28/41 MP: 5/5
  2002 | D:3      | Noticed Ijyb
  2027 | D:3      | Killed Ijyb
  2151 | D:3      | Gained mutation: You tend to lose your temper in combat. [potion of mutation]
  2151 | D:3      | Gained mutation: Your muscles are strong. (Str +2) [potion of mutation]
  2151 | D:3      | Gained mutation: Your magical capacity is low (-10% MP). [potion of mutation]
  2157 | D:3      | HP: 2/41 [orc/trident (4)]
  2159 | D:3      | Succumbed to an orc's poison

Action                   |  1- 3 |  4- 6 || total
-------------------------+-------+-------++-------
Melee: Long sword        |    96 |   113 ||   209
Throw: Stone             |       |     1 ||     1
  Use: Scroll            |     6 |     8 ||    14
       Potion            |       |     3 ||     3
